 Dungeon Crawl Stone Soup version 0.24.0-1-gfbc8707 (webtiles) character file.

Game seed: 18128059146388877906, levelgen mode: deterministic

186 Buxparty the Bolt Thrower (level 5, 0/49 HPs)
             Began as a Deep Dwarf Hunter on Dec 27, 2019.
             Slain by an adder (3 damage)
             ... on level 3 of the Dungeon.
             The game lasted 00:07:37 (1369 turns).

Buxparty the Bolt Thrower (Deep Dwarf Hunter)       Turns: 1369, Time: 00:07:37

Health: 0/49       AC:  4    Str: 16    XL:     5   Next: 38%
Magic:  0/0        EV: 12    Int: 11    God:
Gold:   111        SH:  0    Dex: 14    Spells: 4/4 levels left

rFire    x . .     SeeInvis .   m - +0 hand axe (drain)
rCold    + . .     Gourm    .   (no shield)
rNeg     . . .     Faith    .   c - +0 leather armour
rPois    .         Spirit   .   k - +1 hat
rElec    .         Reflect  .   (no cloak)
rCorr    .         Harm     .   (no gloves)
MR       .....                  (no boots)
Stlth    ++........             (no amulet)
HPRegen  0.00/turn              e - ring of ice
MPRegen  0.07/turn              (no ring)

@: non-regenerating
A: damage resistance, heal wounds, sense surroundings 1, no regeneration
a: Heal Wounds


You were on level 3 of the Dungeon.
You were not hungry.

You visited 1 branch of the dungeon, and saw 3 of its levels.

You collected 111 gold pieces.

Inventory:

Hand Weapons
 a - a +1 hand crossbow
 b - a +0 short sword
 m - a +0 hand axe of draining (weapon)
Missiles
 d - 78 bolts
Armour
 c - a +0 leather armour (worn)
 k - a +1 hat (worn)
Jewellery
 e - a ring of ice (left hand)
Scrolls
 h - a scroll of remove curse
 i - a scroll of blinking
 l - a scroll of teleportation {unknown}
 p - a scroll of identify
Potions
 j - a potion of ambrosia {unknown}
 n - a potion of resistance {unknown}
 o - a potion of heal wounds {unknown}
Comestibles
 f - 2 rations


   Skills:
 * Level 3.1 Fighting
 - Level 2.6 Short Blades
 * Level 2.6 Axes
 - Level 4.3 Crossbows
 - Level 1.6 Armour
 - Level 2.1 Dodging
 - Level 1.2 Stealth


You had 4 spell levels left.
You didn't know any spells.
Your spell library was empty.

Dungeon Overview and Level Annotations

Branches:
Dungeon (3/15)

Altars:
Ashenzari
Dithmenos


Innate Abilities, Weirdness & Mutations

You are resistant to damage.
You can heal yourself by infusing magical energy.
You passively map a small area around you.
You do not regenerate.


Message History

The adder barely misses you. The adder bites you but does no damage.
The adder completely misses you. The adder bites you but does no damage.
The adder bites you but does no damage. The adder bites you but does no damage.
The adder bites you but does no damage. x2
The adder bites you but does no damage. The adder bites you but does no damage.
You feel less wooden.
Your +1 hat unmelds from your body.
Your +0 leather armour unmelds from your body.
The adder barely misses you. The adder bites you but does no damage.
The adder bites you but does no damage.
You are too injured to fight recklessly!
You are too injured to fight recklessly!
You barely miss the adder. The adder barely misses you.
You hit the adder.
The adder is moderately wounded.
The adder bites you.
You die...

* #.# #.. ,,..# *
###.####.# #.#
###.)...##.# #.# *
....).....# #.#
####.#......### #.# * *
...........[[.###.####
##.....##)#)........
########.####.###...###.
*, .......@.#
#............ ########S#
##.###.#####. #.# ###
#.# #. #.# #.# #. #.#
#.# #. #.# #.### #. #.#
#...###. , .. * ##...##.
...## #.......


You could see an adder.

Vanquished Creatures
  2 orc priests
  An orc wizard (D:3)
  Jessica (D:2)
  2 oozes (D:1)
  2 worms (D:2)
  2 dart slugs
  5 orcs
  3 bats
  2 giant cockroaches
  8 goblins
  5 hobgoblins
  3 jackals (D:2)
  A quokka (D:2)
  A ball python (D:2)
  A frilled lizard (D:2)
  6 kobolds
  9 rats
54 creatures vanquished.

Notes
Turn   | Place    | Note
-------+----------+-------------------------------------------
     0 | D:1      | Buxparty the Deep Dwarf Hunter began the quest for the Orb.
     0 | D:1      | Reached XP level 1. HP: 19/19 MP: 1/1
    71 | D:1      | Reached XP level 2. HP: 19/26 MP: 2/2
    82 | D:1      | Reached skill level 1 in Short Blades
   295 | D:1      | Reached skill level 1 in Armour
   295 | D:1      | Reached XP level 3. HP: 33/33 MP: 2/2
   450 | D:2      | Noticed Jessica
   494 | D:2      | Killed Jessica
   494 | D:2      | Reached XP level 4. HP: 22/40 MP: 2/2
   751 | D:2      | Found a shattered altar of Ashenzari.
  1226 | D:3      | Reached skill level 1 in Axes
  1247 | D:3      | Found a shadowy altar of Dithmenos.
  1301 | D:3      | HP: 1/40 [orc wizard/magic dart (4)]
  1303 | D:3      | Reached XP level 5. HP: 1/49 MP: 1/1
  1369 | D:3      | Slain by an adder

Levels and vault maps discovered:
D:1:      lemuel_arrival_behind_the_door_large, layout_rooms
D:2:      layout_loops_ring, nicolae_ashenzari_panopticon, first_ration,
          minmay_misc_feat_chi, corner_web_ring, uniq_jessica
D:3:      layout_loops_ring, grunt_dithmenos_smoke_and_mirrors,
          gammafunk_temple_overflow_claw

Skill      XL: |  1  2  3  4 |
---------------+-------------+-----
Fighting       | 2 3 |  3.1
Short Blades   | 1 2 |  2.6
Armour         | 1 |  1.6
Axes           | 2 |  2.6
Crossbows      | |  4.3
Dodging        | |  2.1
Stealth        | |  1.2

Action                   |  1- 3 |  4- 6 || total
-------------------------+-------+-------++-------
Melee: Short sword       |   123 |    32 ||   155
       Hand axe          |       |    68 ||    68
 Abil: Heal Wounds       |     8 |     3 ||    11
  Use: Scroll            |       |     3 ||     3
       Potion            |       |     3 ||     3
 Stab: Sleeping          |     1 |     3 ||     4
  Eat: Ration            |       |     1 ||     1
Armor: Leather armour    |    25 |    33 ||    58
       Skin              |       |    31 ||    31
Dodge: Dodged            |   103 |    82 ||   185
